 Dungeon Crawl Stone Soup version 0.31.0-12-g77e489cdc1 (webtiles) character file.

Game seed: 15440606860223124783

730 Ijustatesigmund the Cudgeller (level 7, -6/44 HPs)
             Began as a Gargoyle Fighter on Feb 27, 2024.
             Was an Initiate of Cheibriados.
             Killed from afar by a steam dragon (10 damage)
             ... with a ball of steam
             ... on level 4 of the Dungeon.
             The game lasted 00:05:13 (3546 turns).

Ijustatesigmund the Cudgeller (Gargoyle Fighter)    Turns: 3546, Time: 00:05:13

Health: -6/44      AC: 17    Str: 17 (20) XL:     7   Next: 73%
Magic:  7/7        EV:  9    Int:  9 (12) God:    Cheibriados [......]
Gold:   157        SH:  4    Dex:  7 (10) Spells: 6/6 levels left

rFire   . . .        a - +0 flail
rCold   . . .        c - +0 buckler
rNeg    + . .        b - +0 scale mail
rPois   ∞            (no helmet)
rElec   +            h - +1 cloak {Stlth+}
rCorr   .            f - +2 pair of gloves
SInv    .            (no boots)
Will    .....        i - amulet of magic regeneration
Stlth   +            (no ring)
HPRegen 0.27/turn    (no ring)
MPRegen 0.50/turn

%: no passive effects
@: very slow
A: sickness immunity, AC +4, negative energy resistance 1, electricity
resistance, torment resistance 1, petrification resistance
a: Renounce Religion


You were on level 4 of the Dungeon.
You worshipped Cheibriados.
Cheibriados was noncommittal.
You visited 2 branches of the dungeon, and saw 5 of its levels.
You also visited: Sewer.

You collected 157 gold pieces.

Inventory:

Hand Weapons
 a - a +0 flail (weapon)
Armour
 b - a +0 scale mail (worn)
 c - a +0 buckler (worn)
 f - a +2 pair of gloves (worn)
 h - a +1 cloak of stealth (worn)
Jewellery
 i - an amulet of magic regeneration (around neck)
 p - a ring of protection from cold
Scrolls
 e - a scroll of noise {unknown}
 g - a scroll of brand weapon {unknown}
 l - a scroll of blinking
 m - a scroll of butterflies {unknown}
 o - a scroll of immolation {unknown}
Potions
 d - a potion of brilliance
 j - a potion of magic
 k - a potion of haste
 q - a potion of invisibility


   Skills:
 + Level 5.4 Fighting
 + Level 6.3 Maces & Flails
 + Level 5.4 Armour
 - Level 3.2 Shields
 + Level 0.0 Invocations


You had 6 spell levels left.
You didn't know any spells.
Your spell library contained the following spells:

 Spells                   Type           Power      Damage    Failure   Level
 Lesser Beckoning         Tloc           0%         N/A       94%         2
 Dazzling Flash           Conj/Hex       0%         N/A       99%         3
 Gell's Gravitas          Tloc           0%         N/A       99%         3
 Mephitic Cloud           Conj/Alch/Air  0%         N/A       99%         3
 Teleport Other           Tloc           0%         N/A       99%         3
 Curse of Agony           Necr           0%         N/A       100%        5
 Silence                  Hex/Air        0%         N/A       100%        5


Dungeon Overview and Level Annotations

Branches:
Dungeon (4/15)             Temple (1/1) D:4           Sewer (visited)

Altars:
Cheibriados
Dithmenos
Elyvilon
Gozag
Kikubaaqudgha
Makhleb
Qazlal
Ru
Vehumet
Zin


Innate Abilities, Weirdness & Mutations

You are immune to sickness and miasma.
Your stone body is resilient. (AC +4)
You are immune to poison.
You resist negative energy. (rN+)
You are resistant to electric shocks. (rElec)
You are resistant to unholy torment.
You are immune to petrification.


Message History

Okay, then.
The steam dragon attacks as it pursues you!
The steam dragon bites you but does no damage.
You block the steam dragon's attack.
It was a potion of degeneration.
There was something very wrong with that liquid.
You feel weakened.
You feel dopey.
You feel clumsy. The steam dragon bites you.
* * * LOW HITPOINT WARNING * * *
The steam dragon barely misses you.
You fade into invisibility!
You block the steam dragon's attack. The steam dragon barely misses you.
You hit the steam dragon.
The steam dragon is moderately wounded.
The steam dragon barely misses you. The steam dragon closely misses you.
You aren't carrying any items that you can evoke.
Unknown command.
Okay, then.
Blink to where?
Press: ? - help, Dir - move target
As you read the scroll labelled PIMOLY NIATOEM, it crumbles to dust.
It was a scroll of blinking.
The steam dragon breathes steam at something.
You flicker for a moment.
The steam dragon breathes steam at something.
You sock the steam dragon!
The steam dragon is severely wounded.
You flicker back into view.
The steam dragon bites you but does no damage.
The steam dragon barely misses you.
You barely miss the steam dragon.
The steam dragon is severely wounded.
The steam dragon bites you!
* * * LOW HITPOINT WARNING * * *
The steam dragon claws you.
* * * LOW HITPOINT WARNING * * *
Unknown command.
The steam dragon breathes steam at you. The ball of steam hits you!
You die...

...## ##.# ##.###....
#....####.###..##.....
#..........#..........
#§..##..##............ #§.#
#..##.###.......# . .#
#§.###.....###.####..# .#
.#####...#.....###..# #...# ..#
........§........#.## #...#
...###.#####..D§@........####...#
.#..... #.##.....#####.##..#
.##...# ##.##..##.## ##.....##.
.# #..# #..##..##..###......##.
.####.## ##.###..###.##..###..#..
.##....###...........#..## ##....
....##.....##..........## ##.....
..####.....####.#####.#####...#.#
.## #..#..## #.## ##...##..###..


You could see a steam dragon (catching breath).

Vanquished Creatures
  Sigmund (D:3)
  2 phantoms
  2 kobold brigands (Sewer)
  A scorpion (D:4)
  A bombardier beetle (D:4)
  An iguana (D:4)
  4 gnolls (D:2)
  5 adders
  2 dart slugs
  2 ribbon worms
  2 orcs
  7 bats
  12 endoplasms
  7 giant cockroaches
  2 goblins
  3 hobgoblins
  12 kobolds
  6 quokkas
  7 ball pythons
  2 frilled lizards
  10 rats
91 creatures vanquished.

Notes
Turn   | Place    | Note
-------+----------+-------------------------------------------
     0 | D:1      | Ijustatesigmund the Gargoyle Fighter began the quest for
                  | the Orb.
     0 | D:1      | Reached XP level 1. HP: 14/14 MP: 1/1
   172 | D:1      | Reached XP level 2. HP: 19/19 MP: 2/2
   229 | D:1      | Reached skill level 3 in Maces & Flails
   403 | D:1      | Reached XP level 3. HP: 23/23 MP: 3/3
  1206 | D:2      | Noticed a phantom
  1220 | D:2      | Killed a phantom
  1221 | D:2      | Reached skill level 5 in Maces & Flails
  1221 | D:2      | Reached XP level 4. HP: 17/28 MP: 4/4
  1221 | D:2      | Reached XP level 5. HP: 20/32 MP: 5/5
  1834 | D:3      | Found a faded altar of an unknown god.
  1872 | D:3      | Found a glowing drain.
  1904 | Sewer    | Entered a sewer
  1990 | Sewer    | Noticed a kobold brigand
  2007 | Sewer    | Killed a kobold brigand
  2008 | Sewer    | Reached XP level 6. HP: 35/38 MP: 6/6
  2501 | D:3      | Found a burning altar of Makhleb.
  2684 | D:3      | Noticed Sigmund
  2697 | D:3      | Killed Sigmund
  2698 | D:3      | Reached skill level 6 in Maces & Flails
  2698 | D:3      | Reached XP level 7. HP: 44/44 MP: 7/7
  2903 | D:4      | Reached skill level 5 in Fighting
  2903 | D:4      | Reached skill level 5 in Armour
  3218 | D:4      | Found a staircase to the Ecumenical Temple.
  3251 | Temple   | Entered the Ecumenical Temple
  3268 | Temple   | Became a worshipper of Cheibriados the Contemplative
  3350 | D:4      | Found an opulent altar of Gozag.
  3512 | D:4      | Noticed a steam dragon
  3546 | D:4      | Killed from afar by a steam dragon

Illustrated notes

Levels and vault maps discovered:
D:1:      reono_arrival_forest_river, layout_basic
D:2:      layout_basic
D:3:      layout_loops_cross, mainiacjoe_overflow_tiny_flanked,
          portal_sewer_entry_f, nicolae_ecumenical_pavilion, uniq_sigmund
D:4:      layout_layer_cave, nicolae_overflow_hidden_temple,
          minmay_temple_entry_arrows, kennysheep_generic_room_9
Temple:   nicolae_temple_colour_theory

Skill      XL: |  1  2  3  4  5  6  7 |
---------------+----------------------+-----
Maces & Flails | 3 5 6 |  6.3
Fighting       | 4 5 |  5.4
Armour         | 4 5 |  5.4
Shields        | |  3.2

Action                     |  1- 3 |  4- 6 |  7- 9 || total
---------------------------+-------+-------+-------++-------
  Melee: Flail             |   103 |   212 |    65 ||   380
    Use: Scroll            |     1 |     5 |     2 ||     8
         Potion            |       |     2 |     2 ||     4
   Stab: Invisible         |       |     1 |       ||     1
 Armour: Scale mail        |    75 |   128 |    58 ||   261
  Dodge: Dodged            |    61 |    85 |    25 ||   171
  Block: Buckler           |    18 |    33 |     9 ||    60
